 Dungeon Crawl Stone Soup version 0.31-a0-640-g39d97e502b (webtiles) character file.

Game seed: 11454898348809457951

31 qw the Shooter (level 3, -5/21 HPs)
             Began as a Gargoyle Hunter on Aug 27, 2023.
             Slain by Terence
             ... wielding a +4 flail of holy wrath
              (13 damage)
             ... on level 3 of the Dungeon.
             The game lasted 00:00:26 (1097 turns).

qw the Shooter (Gargoyle Hunter)                    Turns: 1097, Time: 00:00:27

Health: -5/21      AC:  8    Str: 13 (14) XL:     3   Next: 22%
Magic:  3/3        EV: 10    Int:  7 (9)  God:
Gold:   59         SH:  0    Dex: 13 (15) Spells: 2/2 levels left

rFire   . . .        Y - +0 shortbow
rCold   . . .        (shield currently unavailable)
rNeg    + . .        g - +0 ring mail
rPois   inf          (no helmet)
rElec   +            (no cloak)
rCorr   .            (no gloves)
SInv    .            (no boots)
Will    .....        (no amulet)
Stlth   +            (no ring)
HPRegen 0.23/turn    (no ring)
MPRegen 0.08/turn

%: no passive effects
@: mighty
A: sickness immunity, AC +3, negative energy resistance 1, electricity
resistance, torment resistance 1, petrification resistance, deterioration 1
a: no special abilities


You were on level 3 of the Dungeon.
You visited 1 branch of the dungeon, and saw 3 of its levels.

You collected 83 gold pieces.
You spent 24 gold pieces at shops.


Innate Abilities, Weirdness & Mutations

You are immune to sickness and miasma.
Your stone body is resilient. (AC +3)
You are immune to poison.
You resist negative energy. (rN+)
You are resistant to electric shocks. (rElec)
You are resistant to unholy torment.
You are immune to petrification.
Your body sometimes deteriorates upon taking damage.


   Skills:
 - Level 2.2 Fighting
 - Level 5.0 Ranged Weapons
 + Level 0.2 Armour
 - Level 1.5 Dodging
 - Level 1.1 Stealth


You had 2 spell levels left.
You didn't know any spells.
Your spell library was empty.

Inventory:

Hand Weapons
 Y - a +0 shortbow (weapon)
Armour
 g - a +0 ring mail (worn)
Scrolls
 a - a scroll of identify
Potions
 d - a potion of resistance
 e - a potion of might
 f - 3 potions of curing
 h - a potion of attraction {unknown}
 i - a potion of mutation
 j - a potion of heal wounds {unknown}

Dungeon Overview and Level Annotations

Branches:
Dungeon (3/15)

Altars:

Shops:
D:2 ?

Annotations:
D:3 Terence


Message History

1076 ||| PLANNING SEWER A rat comes into view.
You shoot an arrow. The arrow hits the rat.
You kill the rat!
A dart slug and Terence come into view.
Terence is wielding a +4 flail of holy wrath.
Found 16 gold pieces.
Terence shouts!
You hear a shout!
You hear an angry hiss.
A quokka comes into view.
You shoot an arrow. The arrow barely misses the quokka.
An orc comes into view. It is wielding a +0 short sword.
You shoot an arrow.
The arrow hits the quokka but does no damage.
You shoot an arrow. The arrow hits the quokka.
The quokka is almost dead.
The quokka closely misses you.
You shoot an arrow. The arrow barely misses the quokka.
The arrow hits the dart slug but does no damage.
The quokka barely misses you.
Terence hits you with a +4 flail of holy wrath.
The quokka bites you.
You shoot an arrow. The arrow barely misses the quokka.
The arrow hits the dart slug but does no damage.
A bat comes into view.
The quokka closely misses you. Terence closely misses you.
You shoot an arrow. The arrow hits the quokka.
You kill the quokka!
Terence hits you with a +4 flail of holy wrath.
You shoot an arrow. The arrow hits Terence.
Terence is moderately wounded.
Terence hits you with a +4 flail of holy wrath!
The orc hits you but does no damage. The dart slug launches a dart at you.
The slug dart hits you but does no damage.
The orc hits you but does no damage.
Terence hits you with a +4 flail of holy wrath.
You shoot an arrow. The arrow barely misses Terence.
Terence hits you with a +4 flail of holy wrath!
Ouch! That really hurt!
You die...

#########.#
#......<..#
#.######..###
#.....#
#####.....#
#####.........#
..............#
.######.......#
#..@.#..#
#.wo@.....#
#..b###...#
#.#.# .#.#
....# ....
.#...% .$...##
.. ##.


You could see Terence, a dart slug, an orc and a bat.

Vanquished Creatures
  A dart slug (D:1)
  A ball python (D:1)
  4 endoplasms
  A goblin (D:2)
  4 hobgoblins
  4 jackals (D:2)
  A quokka (D:3)
  2 bats (D:2)
  3 frilled lizards
  5 rats
26 creatures vanquished.

Notes
Turn   | Place    | Note
-------+----------+-------------------------------------------
     0 | D:1      | qw the Gargoyle Hunter began the quest for the Orb.
     0 | D:1      | Reached XP level 1. HP: 12/12 MP: 1/1
     0 | D:1      | 0 ||| qw: Version: 0.3-a-74-g0d5e918
     0 | D:1      | 0 ||| qw: Game counter: 40
     0 | D:1      | 0 ||| qw: Melee chars always use a shield: true
     0 | D:1      | 0 ||| qw: God list: Okawaru
     0 | D:1      | 0 ||| qw: Allow faded altars: false
     0 | D:1      | 0 ||| qw: Do Orc after clearing Dungeon:15 true
     0 | D:1      | 0 ||| qw: Do second Lair branch before Depths: true
     0 | D:1      | 0 ||| qw: Lair rune preference: random
     0 | D:1      | 0 ||| qw: Goals: Normal
     0 | D:1      | 0 ||| PLANNING D:1-11
   229 | D:1      | Reached XP level 2. HP: 17/17 MP: 2/2
   229 | D:1      | You fall into a shaft and drop 1 floor!
   230 | D:2      | 230 ||| DROPPING scroll of butterflies.
   457 | D:1      | 457 ||| READING scroll labelled AMUDGH RAABU.
   458 | D:1      | 458 ||| READING scroll labelled MUDYOTZ EDITTE.
   459 | D:1      | 459 ||| DRINKING 3 bubbling grey potions.
   504 | D:2      | 504 ||| Stepping ~*~*~tactically~*~*~ (retreating).
   507 | D:2      | 507 ||| Stepping ~*~*~tactically~*~*~ (retreating).
   609 | D:2      | Found Suatiess's Magic Scroll Emporium.
   635 | D:2      | 635 ||| SHOPLISTING scroll of brand weapon (114 gold, have
                  | 38).
   635 | D:2      | 635 ||| SHOPLISTING scroll of enchant weapon (90 gold, have
                  | 38).
   635 | D:2      | 635 ||| BUYING scroll of identify (24 gold).
   635 | D:2      | Bought a scroll of identify for 24 gold pieces
   635 | D:2      | 635 ||| SHOPLISTING scroll of identify (24 gold, have 14).
   685 | D:2      | Reached XP level 3. HP: 21/21 MP: 3/3
   792 | D:2      | Found a faded altar of an unknown god.
   909 | D:2      | Reached skill level 5 in Ranged Weapons
  1041 | D:2      | 1041 ||| UPGRADING to +0 ring mail.
  1051 | D:2      | 1051 ||| DROPPING +0 leather armour.
  1052 | D:2      | 1052 ||| DRINKING 2 black potions.
  1053 | D:2      | 1053 ||| DRINKING 2 orange potions.
  1054 | D:2      | 1054 ||| DRINKING 2 murky cyan potions.
  1054 | D:2      | Gained mutation: You are clumsy. (Dex -2) [potion of
                  | mutation]
  1054 | D:2      | Gained mutation: Your body sometimes deteriorates upon
                  | taking damage. [potion of mutation]
  1054 | D:2      | Lost mutation: You are clumsy. (Dex -2) [potion of
                  | mutation]
  1055 | D:2      | 1055 ||| READING 2 scrolls of identify.
  1055 | D:2      | 1055 ||| IDENTIFYING metallic red potion
  1056 | D:2      | 1056 ||| DROPPING potion of degeneration.
  1076 | D:3      | 1076 ||| PLANNING SEWER
  1089 | D:3      | Noticed Terence
  1097 | D:3      | Slain by Terence

Levels and vault maps discovered:
D:1:      ebering_trefoil_3fold, layout_basic, serial_curves, eino_curves_01,
          eino_curves_02
D:2:      layout_basic, shapermc_ecumenical_altar_mp_highgroup, serial_shops,
          shop
D:3:      layout_basic, overflow_temple_1_default,
          nicolae_overflow_macrodata_refinement, portal_sewer_entry_c,
          minmay_fractal_squares_5, uniq_ijyb, uniq_terence

Skill      XL: |  1  2  3 |
---------------+----------+-----
Ranged Weapons | 5 |  5.0
Fighting       | |  2.2
Armour         | |  0.2
Dodging        | |  1.5
Stealth        | |  1.1

Action                     || total
---------------------------++-------
   Fire: Shortbow          ||    95
    Use: Scroll            ||     3
         Potion            ||     4
 Armour: Leather armour    ||    18
         Ring mail         ||     3
  Dodge: Dodged            ||    27

Table legend:
 A = Non-vault XP
 B = Vault XP
 C = Vault XP percentage of total XP
 D = Non-vault monster count
 E = Vault monster count
 F = Vault count percentage of total count
                 A         B        C        D         E       F
            +---------+---------+-------+---------+---------+-------
      Total |      42 |       3 |   6.7 |      24 |       2 |   7.7
            +---------+---------+-------+---------+---------+-------
        D:1 |      14 |       0 |   0.0 |       7 |       0 |   0.0
        D:2 |      28 |       0 |   0.0 |      17 |       0 |   0.0
        D:3 |       0 |       3 | 100.0 |       0 |       2 | 100.0
            +---------+---------+-------+---------+---------+-------
